 Dungeon Crawl Stone Soup version 0.17.1-3-g152610e (webtiles) character file.

204 Shtopit the Shield-Bearer (level 5, -1/33 HPs)
             Began as a Gargoyle Fighter on May 4, 2016.
             Slain by an ogre
             ... wielding a +0 giant club
              (15 damage)
             ... on level 3 of the Dungeon.
             The game lasted 00:06:46 (1875 turns).

Shtopit the Shield-Bearer (Gargoyle Fighter)        Turns: 1875, Time: 00:06:46

Health: -1/33      AC: 12    Str: 25    XL:     5   Next: 82%
Magic:  5/5        EV:  8    Int:  9    God:
Gold:   92         SH: 10    Dex:  9    Spells: 0 memorised, 4 levels left

rFire  . . .     SeeInvis .     a - +0 flail
rCold  . . .     Clarity  .     b - +0 scale mail
rNeg   + + .     SustAt   .     c - +0 shield
rPois  ∞         Gourm    .     m - +0 helmet
rElec  +         Spirit   .     (no cloak)
rCorr  .         Warding  .     (no gloves)
rMut   .         Stasis   .     (no boots)
MR     .....                    (no amulet)
Stlth  ..........               (no ring)
                                h - ring of positive energy

@: mighty, not resistant to hostile enchantments, extremely unstealthy
A: negative energy resistance 1, electricity resistance, unbreathing,
petrification resistance, rot immunity, AC +4
a: no special abilities


You were on level 3 of the Dungeon.
You were not hungry.

You visited 1 branch of the dungeon, and saw 3 of its levels.

You collected 92 gold pieces.

Inventory:

Hand Weapons
 a - a +0 flail (weapon)
Missiles
 f - 7 tomahawks (quivered)
 j - 8 curare-tipped needles
Armour
 b - a +0 scale mail (worn)
 c - a +0 shield (worn)
 m - a +0 helmet (worn)
Jewellery
 h - a ring of positive energy (left hand)
 q - an uncursed ring of see invisible {unknown}
Scrolls
 g - a scroll of immolation {unknown}
 k - 3 scrolls of remove curse {unknown}
 o - 2 scrolls of identify
 r - a scroll of enchant weapon {unknown}
 s - a scroll of teleportation {unknown}
 u - a scroll of fog {unknown}
Potions
 i - 2 potions of curing
 n - a potion of heal wounds {unknown}
Comestibles
 e - 4 bread rations
 l - 3 fruits
 p - a slice of pizza


   Skills:
 + Level 4.2 Fighting
 + Level 2.3 Maces & Flails
 + Level 4.3 Armour
 + Level 1.6 Dodging
 + Level 4.8 Shields


You had 4 spell levels left.
You didn't know any spells.

Dungeon Overview and Level Annotations

Branches:
Dungeon (3/15)

Altars:

Annotations:
D:2 Sigmund


Innate Abilities, Weirdness & Mutations

You are resistant to torment.
Your stone body is resilient (AC +4).
You are immune to poison.
You resist negative energy.
You are resistant to electric shocks.
You can survive without breathing.
You are immune to petrification.
You are immune to rotting.


Message History

You block the gnoll's attack. The gnoll hits you but does no damage.
You block the gnoll's attack.
You sock the gnoll!
The gnoll is almost dead.
The gnoll barely misses you. The gnoll closely misses you.
You block the gnoll's attack. x2
The gnoll hits you from afar with a spear.
The gnoll shouts!
You sock the gnoll!
You kill the gnoll!
The gnoll barely misses you. The gnoll hits you with a club.
The gnoll barely misses you. x2
You barely miss the ogre. You block the gnoll's attack.
The ogre hits you with a giant club! You block the gnoll's attack.
The gnoll hits you but does no damage. x2
You thump the ogre!
The ogre is moderately wounded.
The gnoll hits you with a club. The gnoll barely misses you.
The ogre hits you with a giant club!
You die...

############
#8..8#g..... #.
+..$@gg.g... #.
+...gOg..... #.
#....#g..... #.
#....####### #. #....#
#. #....# #. #....# #+##
####''''#############...
..............[.....#gg.


You could see an ogre and 7 gnolls.

Vanquished Creatures
  Robin (D:2)
  9 gnolls (D:3)
  4 adders
  An ooze (D:2)
  A worm (D:3)
  A giant gecko (D:1)
  An orc (D:3)
  4 giant cockroaches
  14 goblins
  8 hobgoblins
  6 jackals
  2 kobolds (D:1)
  9 bats
  A giant newt (D:2)
  6 rats
68 creatures vanquished.

Notes
Turn   | Place    | Note
--------------------------------------------------------------
     0 | D:1      | Shtopit the Gargoyle Fighter began the quest for the Orb.
     0 | D:1      | Reached XP level 1. HP: 14/14 MP: 1/1
    93 | D:1      | Reached XP level 2. HP: 10/19 MP: 2/2
   771 | D:2      | Reached XP level 3. HP: 21/23 MP: 3/3
   783 | D:2      | Noticed Robin
   813 | D:2      | Killed Robin
   849 | D:2      | Reached skill level 4 in Shields
  1017 | D:2      | Reached XP level 4. HP: 25/29 MP: 4/4
  1022 | D:2      | Noticed Sigmund
  1022 | D:2      | Reached skill level 1 in Dodging
  1655 | D:3      | Reached XP level 5. HP: 18/33 MP: 5/5
  1866 | D:3      | Noticed an ogre
  1875 | D:3      | Slain by an ogre

Action                   |  1- 3 |  4- 6 || total
-------------------------+-------+-------++-------
Melee: Flail             |   134 |   127 ||   261
  Use: Scroll            |     1 |       ||     1
       Potion            |       |     1 ||     1
  Eat: Chunk             |       |     4 ||     4
